AoeStats
← schmeno

Arabia

510237444Analyzed
1v1 RM · 3d ago on Sep 30, 2026· 40m 38s· 2 players
Game mode
Random Map
Map size
Tiny (2 player)
Population
200
Speed
Normal
Resources
Standard
Victory
Conquest
Starting age
Dark Age
Ending age
Imperial Age
RankedLock teamsTeams togetherTeam positionsShared explorationLock speedFull tech treeHidden civsTurbo modeCheats
Victory
Defeat
🇺🇸 Saxons · United States
1148
+16
🇨🇱 Turks · Chile
1145
-16
TheRemover
7:32 Loom
9:58 Feudal Age
13:21 Fletching
15:26 Town Watch
21:54 Castle Age
20:39 Forging
20:31 Gold Mining
20:31 Horse Collar
20:43 Double-Bit Axe
23:28 Wheelbarrow
23:49 Bodkin Arrow
26:34 Bloodlines
28:01 Horse Collar
28:51 Padded Archer Armor
29:44 Ballistics
29:59 Husbandry
30:42 Thumb Ring
31:49 Leather Archer Armor
32:11 Scale Barding Armor
38:55 Imperial Age
schmeno
7:13 Loom
9:12 Feudal Age
10:03 Double-Bit Axe
20:11 Castle Age
17:58 Horse Collar
19:06 Fletching
22:56 Crossbowman
23:36 Bodkin Arrow
25:47 Crossbowman
27:56 Ballistics
28:38 Padded Archer Armor
29:49 Wheelbarrow
29:01 Town Watch
31:56 Leather Archer Armor
36:41 Imperial Age
35:58 Thumb Ring
36:46 Gold Mining
38:39 Chemistry
37:41 Bracer
38:03 Arbalester
40:53 Ring Archer Armor
Connection lost

Rejoining the realm…

Still unreachable

The connection could not be restored.

Session expired

The server has moved on; the page needs a fresh start.